[Event "Titled Tuesday Blitz June 21 Early 2022"]
[White "Kopczynski, Michal"]
[Black "Hamidi, Amir Mohammad"]
[WhiteFideId "1124200"]
[BlackFideId "12563285"]
[WhiteElo "2235"]
[BlackElo "2283"]
[Result "1-0"]
[Round "01"]
[TimeControl "180+1"]
[Date "2022.06.22"]
[WhiteClock "0:01:19"]
[BlackClock "0:00:07"]

1. e4 c5 2. d4 cxd4 3. c3 dxc3 4. Nxc3 Nc6 5. f4 d6 6. Nf3 g6 7. Bc4 Bg7 8. O-O Nf6 9. Kh1 O-O 10. Qe1 a6 11. Qh4 b5 12. Bb3 Bb7 13. f5 b4 14. fxg6 bxc3 15. Ng5 h6 16. Nxf7 Rxf7 17. Bxf7+ Kf8 18. Bxh6 cxb2 19. Rab1 e5 20. Rxf6 Qxf6 21. Qxf6 1-0


[Site "https://www.chess.com"]

[Event "Titled Tuesday Blitz June 21 Early 2022"]
[White "Kosakowski, Jakub"]
[Black "Ferreira, Vitor Hugo Vieira"]
[WhiteFideId "1185080"]
[BlackFideId "2119765"]
[WhiteElo "2476"]
[BlackElo "2165"]
[Result "1-0"]
[Round "01"]
[TimeControl "180+1"]
[Date "2022.06.21"]
[WhiteClock "0:01:27"]
[BlackClock "0:01:37"]

1. Nf3 Nf6 2. d4 d5 3. c4 c6 4. Nc3 e6 5. e3 Nbd7 6. Qc2 Bd6 7. Bd2 O-O 8. Rc1 Re8 9. Bd3 dxc4 10. Bxc4 e5 11. O-O e4 12. Ng5 Bxh2+ 13. Kh1 Ng4 14. Ncxe4 Rxe4 15. Qxe4 Ndf6 16. Nxf7 Nxe4 17. Nxd8+ Kf8 18. Bb4+ Ke8 19. Ne6 Bb8 20. Rc2 a5 21. Nxg7+ Kd8 22. Be1 b5 23. Bd3 Ngf6 24. f3 Nd6 25. Bh4 Ke7 26. Nh5 Ne8 27. Nxf6 Nxf6 28. Rxc6 Be6 29. d5 1-0


[Site "https://www.chess.com"]

[Event "Titled Tuesday Blitz June 21 Early 2022"]
[White "Kosteniuk, Alexandra"]
[Black "Kozelov, Roman"]
[WhiteFideId "4128125"]
[BlackFideId "14133377"]
[WhiteElo "2469"]
[BlackElo "2149"]
[Result "1-0"]
[Round "01"]
[TimeControl "180+1"]
[Date "2022.06.22"]
[WhiteClock "0:00:21"]
[BlackClock "0:00:08"]

1. e4 e6 2. d4 d5 3. Nc3 Bb4 4. a3 Bxc3+ 5. bxc3 Ne7 6. Qg4 Kf8 7. e5 c5 8. h4 Qa5 9. Bd2 Qa4 10. Bd3 Nbc6 11. Nf3 c4 12. Be2 Qxc2 13. h5 h6 14. Nh4 b5 15. Bd1 Qe4+ 16. Qxe4 dxe4 17. Bc2 Bb7 18. Bxe4 Rb8 19. a4 Nxd4 20. cxd4 Bxe4 21. Bb4 bxa4 22. Rxa4 Rb7 23. Kd2 Ke8 24. Bxe7 Kxe7 25. Rha1 Ra8 26. Rxc4 a5 27. Rca4 Rb5 28. Nf3 Bc6 29. R4a3 a4 30. Kc3 Rab8 31. Nd2 Rb2 32. f3 R8b6 33. R1a2 Rxa2 34. Rxa2 Rb8 35. Ra3 Rb7 36. Nc4 Rb1 37. Nd6 Rg1 38. Ra2 Rh1 39. Kb4 Rxh5 40. Rc2 Bd7 41. Rc7 f6 42. Nc4 Rh2 43. Nb6 Rxg2 44. Rxd7+ Kf8 45. Rd8+ Kf7 46. Rd7+ Kg6 47. d5 exd5 48. e6 Re2 49. e7 Kf7 50. Nxd5 g5 51. Rd8 h5 52. Rf8+ Kg7 53. e8=Q Rxe8 54. Rxe8 g4 55. fxg4 hxg4 56. Nf4 Kh6 57. Rg8 f5 58. Kxa4 1-0


[Site "https://www.chess.com"]

[Event "Titled Tuesday Blitz June 21 Early 2022"]
[White "Kozlov, Oleg"]
[Black "Ciuffoletti, Paolo"]
[WhiteFideId "4104544"]
[BlackFideId "807630"]
[WhiteElo "2132"]
[BlackElo "2143"]
[Result "1-0"]
[Round "01"]
[TimeControl "180+1"]
[Date "2022.06.22"]
[WhiteClock "0:00:23"]
[BlackClock "0:00:06"]

1. d4 d5 2. c4 c6 3. Nf3 Nf6 4. g3 e6 5. Bg2 dxc4 6. Ne5 b5 7. Nxc6 Qb6 8. Nxb8 Rxb8 9. O-O Be7 10. Bf4 Bd6 11. Nc3 Bxf4 12. gxf4 O-O 13. e3 Bb7 14. a4 b4 15. a5 Qa6 16. Bxb7 Qxb7 17. Na4 c3 18. bxc3 bxc3 19. Nxc3 Qb4 20. Qd3 Rbc8 21. Nb5 a6 22. Rfb1 Qe7 23. Na3 Nd5 24. Nc4 Qh4 25. Nb6 Rc6 26. Rc1 Qg4+ 27. Kf1 Qh3+ 28. Ke2 Rxc1 29. Rxc1 Qxh2 30. Nxd5 exd5 31. Qxa6 Qh5+ 32. Kd2 Qf3 33. Qe2 Qe4 34. f3 Qe6 35. Qd3 h6 36. e4 Ra8 37. Rc5 Qf6 38. Ke3 dxe4 39. fxe4 Qh4 40. e5 Qg3+ 41. Ke4 Qg2+ 42. Ke3 Qg3+ 43. Kd2 Qf2+ 44. Kc3 Qe1+ 45. Qd2 Qa1+ 46. Kd3 Rxa5 47. Rxa5 Qb2 48. Qxb2 1-0


[Site "https://www.chess.com"]

[Event "Titled Tuesday Blitz June 21 Early 2022"]
[White "Krallis, Christos"]
[Black "Rustemov, Alexander"]
[WhiteFideId "4298896"]
[BlackFideId "4119002"]
[WhiteElo "2234"]
[BlackElo "2754"]
[Result "1/2-1/2"]
[Round "01"]
[TimeControl "180+1"]
[Date "2022.06.22"]
[WhiteClock "0:00:13"]
[BlackClock "0:00:11"]

1. e4 e6 2. d4 d5 3. Nd2 dxe4 4. Nxe4 Bd7 5. c4 Bb4+ 6. Bd2 Bxd2+ 7. Qxd2 Nf6 8. Nxf6+ Qxf6 9. Nf3 Bc6 10. Be2 O-O 11. O-O Rd8 12. Rfd1 Nd7 13. Qe3 Bxf3 14. Bxf3 c6 15. Rd2 Nb6 16. b3 Rd7 17. Rad1 Rad8 18. a4 Nc8 19. d5 cxd5 20. cxd5 e5 21. d6 b6 22. Bg4 Rxd6 23. Bxc8 Rxd2 24. Rxd2 Rxc8 25. Rd7 Qc6 26. Rd1 Qc2 27. Re1 Qc3 28. Qxc3 Rxc3 29. f4 Rxb3 30. Rxe5 Kf8 31. a5 Rb2 32. axb6 axb6 33. h3 b5 34. Kh2 b4 35. Rb5 b3 36. h4 g6 37. h5 Ke7 38. hxg6 hxg6 39. Rb6 Rb1 40. Kh3 Kd7 41. Rb7+ Ke6 42. Kg4 f6 43. Rb6+ Kd5 44. Rxf6 Kc5 45. Rf8 Rg1 46. Rb8 Kc4 47. g3 Kc3 48. Rc8+ Kd3 49. Rd8+ Kc2 50. Rc8+ Kb1 51. Rc6 b2 52. Rxg6 Kc2 53. Rc6+ Kd3 54. Rd6+ Ke4 55. Re6+ Kd5 56. Rb6 b1=Q 57. Rxb1 Rxb1 58. Kf5 Kd6 59. g4 Ke7 60. Kg6 Kf8 61. f5 Rb6+ 62. f6 Kg8 63. g5 Kf8 64. Kh7 Kf7 65. g6+ Kxf6 66. g7 Rb7 67. Kh8 Rb8+ 68. g8=Q Rxg8+ 69. Kxg8 1/2-1/2


[Site "https://www.chess.com"]

[Event "Titled Tuesday Blitz June 21 Early 2022"]
[White "Lagno, Kateryna"]
[Black "Pourkashiyan, Atousa"]
[WhiteFideId "14109336"]
[BlackFideId "12502014"]
[WhiteElo "2522"]
[BlackElo "2247"]
[Result "0-1"]
[Round "01"]
[TimeControl "180+1"]
[Date "2022.06.22"]
[WhiteClock "0:00:56"]
[BlackClock "0:00:18"]

1. e4 e5 2. Nf3 Nf6 3. Nc3 Bb4 4. Nxe5 O-O 5. Be2 Re8 6. Nd3 Bxc3 7. dxc3 Nxe4 8. c4 d6 9. O-O Nc6 10. c3 Bf5 11. Nf4 Ne5 12. h3 h6 13. Nd5 Nf6 14. Ne3 Bg6 15. Qb3 b6 16. Qd1 Qd7 17. f4 Nc6 18. f5 Bh7 19. Bd3 Ne5 20. Bc2 Rad8 21. Ba4 c6 22. Qc2 d5 23. cxd5 Nxd5 24. Nxd5 Qxd5 25. Kh1 b5 26. Bb3 Qd3 27. Qf2 Nc4 28. f6 Re2 29. Qf4 Be4 30. Qg4 Rxg2 0-1


[Site "https://www.chess.com"]

[Event "Titled Tuesday Blitz June 21 Early 2022"]
[White "Lazavik, Denis"]
[Black "Luo, Terry"]
[WhiteFideId "13515110"]
[BlackFideId "30931045"]
[WhiteElo "2437"]
[BlackElo "2024"]
[Result "1-0"]
[Round "01"]
[TimeControl "180+1"]
[Date "2022.06.21"]
[WhiteClock "0:00:32"]
[BlackClock "0:00:36"]

1. d4 Nf6 2. c4 g6 3. Nc3 Bg7 4. e4 d6 5. h3 O-O 6. Be3 c5 7. d5 e6 8. Nf3 exd5 9. exd5 Re8 10. Bd3 Rxe3+ 11. fxe3 Qe7 12. O-O Nbd7 13. Qd2 Ne5 14. Nxe5 Qxe5 15. Rf3 Bd7 16. Raf1 Rf8 17. Qf2 Be8 18. Rxf6 Bxf6 19. Qxf6 Qxe3+ 20. Rf2 Qxd3 21. Qxd6 Qxc4 22. Qe7 Qd4 23. Ne4 f5 24. Ng5 Bf7 25. Nxh7 Kxh7 26. Qxf8 Bxd5 27. Qe7+ Kh6 28. a3 Be4 29. Qh4+ Kg7 30. Qf4 Kf6 31. h4 Qe5 32. Qg5+ Kf7 33. h5 gxh5 34. Qxh5+ Ke6 35. Qe8+ Kf6 36. Qf8+ Ke6 37. Rd2 Qf4 38. Qe8+ Kf6 39. Qd8+ Kg6 40. Rd6+ Kh5 41. Qh8+ Kg4 42. Rg6+ 1-0


[Site "https://www.chess.com"]

[Event "Titled Tuesday Blitz June 21 Early 2022"]
[White "Lewtak, Damian"]
[Black "Onslow, Alfie"]
[WhiteFideId "1141724"]
[BlackFideId "436976"]
[WhiteElo "2379"]
[BlackElo "1885"]
[Result "0-1"]
[Round "01"]
[TimeControl "180+1"]
[Date "2022.06.22"]
[WhiteClock "0:01:39"]
[BlackClock "0:01:27"]

1. d4 Nf6 2. c4 c5 3. d5 b5 4. cxb5 a6 5. b6 g6 6. Nc3 d6 7. Nf3 Bg7 8. Nd2 Nbd7 9. a4 a5 10. Nc4 Nxb6 11. Na3 O-O 12. e4 e6 13. dxe6 fxe6 14. e5 Nfd5 15. Nxd5 exd5 16. exd6 Qh4 17. Be3 Bxb2 18. Nc2 Bc3+ 0-1


[Site "https://www.chess.com"]

[Event "Titled Tuesday Blitz June 21 Early 2022"]
[White "Li, Zhuoling"]
[Black "Aradhya, Garg"]
[WhiteFideId "8605629"]
[BlackFideId "25006746"]
[WhiteElo "2306"]
[BlackElo "2203"]
[Result "0-1"]
[Round "01"]
[TimeControl "180+1"]
[Date "2022.06.22"]
[WhiteClock "0:00:01"]
[BlackClock "0:00:48"]

1. e4 e5 2. Nf3 Nc6 3. Bb5 a6 4. Ba4 Nf6 5. O-O b5 6. Bb3 Bc5 7. Re1 Ng4 8. Rf1 O-O 9. h3 Nf6 10. Re1 d6 11. c3 Bb6 12. d3 Ne7 13. Nbd2 Ng6 14. Nf1 Re8 15. Ng3 Be6 16. Be3 Bxb3 17. Qxb3 Bxe3 18. fxe3 c5 19. Rf1 d5 20. exd5 Qxd5 21. Qxd5 Nxd5 22. Rae1 Nb6 23. Ne4 Rec8 24. Nfg5 f6 25. Ne6 c4 26. d4 Rc6 27. N6c5 Re8 28. g3 a5 29. h4 Nf8 30. Kg2 Nfd7 31. Nb7 a4 32. Nbd6 Rb8 33. Nf5 Re6 34. h5 a3 35. bxa3 Ra8 36. Rf2 Rxa3 37. Rd1 exd4 38. Rxd4 g6 39. Nh6+ Kg7 40. Ng4 f5 41. Ng5 Re7 42. h6+ Kg8 43. Nh2 Rxc3 44. e4 Rd3 45. Rxd3 cxd3 46. exf5 gxf5 47. Nhf3 Nc4 48. Nh3 Nde5 49. Nf4 Nxf3 50. Kxf3 d2 51. Rf1 Re1 0-1


[Site "https://www.chess.com"]

[Event "Titled Tuesday Blitz June 21 Early 2022"]
[White "Lima, Kleyton Alcantara"]
[Black "Jaferian, Koosha"]
[WhiteFideId "22718397"]
[BlackFideId "12507440"]
[WhiteElo "1951"]
[BlackElo "2030"]
[Result "0-1"]
[Round "01"]
[TimeControl "180+1"]
[Date "2022.06.22"]
[WhiteClock "0:01:06"]
[BlackClock "0:01:42"]

1. e4 c6 2. Nf3 d5 3. Nc3 Bg4 4. d4 e6 5. Be3 Nf6 6. e5 Nfd7 7. h3 Bxf3 8. gxf3 c5 9. Qd2 cxd4 10. Bxd4 Nc6 11. f4 Nxd4 12. Qxd4 Bc5 13. Qd2 Qb6 14. O-O-O Bxf2 15. Kb1 Be3 16. Qg2 g6 17. Nb5 O-O 18. Qg4 a6 19. Nc3 Qb4 20. Ne2 h5 21. Qf3 Ba7 22. Qb3 Qe7 23. Bg2 Nc5 24. Qa3 Rfc8 25. Bf3 b5 26. Nd4 Rab8 27. Rhg1 b4 28. Qe3 Na4 29. Bxh5 Nc3+ 30. Ka1 Nxd1 31. Bxd1 Rc4 32. Nf5 Bxe3 33. Nxe7+ Kf8 34. Rg3 Bxf4 35. Rf3 Kxe7 0-1


[Site "https://www.chess.com"]

[Event "Titled Tuesday Blitz June 21 Early 2022"]
[White "Livaic, Leon"]
[Black "Ovchinnikov, Vsevolod"]
[WhiteFideId "14531534"]
[BlackFideId "24176842"]
[WhiteElo "2540"]
[BlackElo "2376"]
[Result "1-0"]
[Round "01"]
[TimeControl "180+1"]
[Date "2022.06.21"]
[WhiteClock "0:01:16"]
[BlackClock "0:00:22"]

1. d4 Nf6 2. c4 g6 3. Nc3 d5 4. Nf3 Bg7 5. Bg5 Ne4 6. cxd5 Nxg5 7. Nxg5 e6 8. Qd2 exd5 9. Qe3+ Kf8 10. Qf4 Bf6 11. h4 c6 12. O-O-O h6 13. Nf3 Be6 14. e4 dxe4 15. Ne5 Kg7 16. Nxe4 Nd7 17. g4 Bd5 18. Bd3 Bxe5 19. dxe5 Qe7 20. Rhe1 Qxe5 21. Qd2 Nf6 22. f4 Qd4 23. Nc3 Rae8 24. g5 Nh5 25. gxh6+ Kxh6 26. f5+ Qf4 27. fxg6 Qxd2+ 28. Kxd2 fxg6 29. Nxd5 cxd5 30. Re3 Rxe3 31. Kxe3 Re8+ 32. Kd4 Nf4 33. Bc2 Kh5 34. Rf1 Rf8 35. Ke5 Kg4 36. Bd1+ Kg3 37. Rf3+ Kxh4 38. Rxf4+ Rxf4 39. Kxf4 g5+ 40. Ke5 g4 41. Kxd5 g3 42. Bf3 Kh3 43. Kd6 g2 44. Bxg2+ Kxg2 45. Kc7 Kf3 46. Kxb7 Ke4 47. Kxa7 Kd4 48. b4 Kc4 49. a3 Kb5 50. Kb7 Ka4 51. Ka6 Kxa3 52. b5 1-0


[Site "https://www.chess.com"]

[Event "Titled Tuesday Blitz June 21 Early 2022"]
[White "Lopez Del Alamo, Antonio"]
[Black "Araujo Sanchez, Josue"]
[WhiteFideId "2227339"]
[BlackFideId "6416896"]
[WhiteElo "2089"]
[BlackElo "2339"]
[Result "1/2-1/2"]
[Round "01"]
[TimeControl "180+1"]
[Date "2022.06.22"]
[WhiteClock "0:00:18"]
[BlackClock "0:00:06"]

1. e4 c5 2. Nf3 d6 3. d4 cxd4 4. Nxd4 Nf6 5. Nc3 a6 6. Be2 e5 7. Nb3 Be7 8. Be3 Be6 9. Nd5 Nbd7 10. Qd3 O-O 11. c4 Bxd5 12. exd5 Re8 13. O-O a5 14. Rac1 b6 15. Na1 Nc5 16. Bxc5 bxc5 17. Nc2 e4 18. Qa3 Bf8 19. Ne3 g6 20. Qa4 Rb8 21. b3 h5 22. Qc6 Bh6 23. Rc3 Rb6 24. Qa4 Rb4 25. Qc6 Bf4 26. a3 Rb6 27. Qa4 Rb8 28. Rb1 Be5 29. Rc2 Nd7 30. g3 Bd4 31. Kg2 Ne5 32. b4 cxb4 33. axb4 Bxe3 34. fxe3 axb4 35. Rxb4 Rxb4 36. Qxb4 Qf6 37. c5 dxc5 38. Qxc5 Qf5 39. Qd4 h4 40. d6 h3+ 41. Kg1 Rb8 42. Rc1 Rd8 43. Rf1 Qe6 44. Rd1 Nc6 45. Qd5 Qxd5 46. Rxd5 Kg7 47. g4 Kf6 48. g5+ Ke6 49. Bc4 Rxd6 50. Rxd6+ Kxd6 51. Bxf7 Ne5 52. Be8 Ke7 53. Bb5 Nf3+ 54. Kf2 Nxg5 55. Kg3 Kf6 56. Bd7 Ke5 57. Bxh3 Nf3 58. Bg4 Ne1 59. Be2 Nc2 60. Kf2 Kf5 61. Bd1 Nb4 62. Kg3 Nd3 63. Be2 Ne5 64. h3 Nf7 65. Bg4+ Ke5 66. Be2 Nd6 67. Kg4 Nf5 68. Kg5 Nxe3 69. Kxg6 Ng2 70. Bf1 Nf4+ 71. Kg5 e3 72. h4 e2 73. Bxe2 Nxe2 74. h5 Nd4 75. h6 Ne6+ 76. Kg6 Kd6 77. Kf7 Ng5+ 78. Kf6 Nh7+ 79. Kg7 Ng5 80. Kg6 Ne6 81. Kf6 Nf8 82. Kf7 Ne6 83. Kg8 Ng5 84. Kg7 Ke5 85. Kg6 Kf4 86. Kh5 Kf5 87. Kh4 Nh7 88. Kh5 Kf6 89. Kh4 Kg6 90. Kg3 Kxh6 1/2-1/2


[Site "https://www.chess.com"]

[Event "Titled Tuesday Blitz June 21 Early 2022"]
[White "Lucas, Arthur"]
[Black "Nesterov, Arseniy"]
[WhiteFideId "26093073"]
[BlackFideId "24198455"]
[WhiteElo "2129"]
[BlackElo "2489"]
[Result "0-1"]
[Round "01"]
[TimeControl "180+1"]
[Date "2022.06.22"]
[WhiteClock "0:02:13"]
[BlackClock "0:02:32"]

1. e4 e5 2. Nf3 Nc6 3. Bc4 Nf6 4. d4 exd4 5. e5 d5 6. Bb5 Ne4 7. Nxd4 Bc5 8. Be3 O-O 9. Nxc6 bxc6 10. Bxc5 Nxc5 11. Bxc6 Rb8 12. Qxd5 Qe7 13. Nc3 Rd8 14. Qf3 Qxe5+ 15. Kf1 Rxb2 16. Re1 Ba6+ 17. Bb5 Rxb5 0-1


[Site "https://www.chess.com"]

[Event "Titled Tuesday Blitz June 21 Early 2022"]
[White "Mahdavi, Reza"]
[Black "Shton, Roman"]
[WhiteFideId "12595926"]
[BlackFideId "14137461"]
[WhiteElo "2265"]
[BlackElo "2013"]
[Result "1-0"]
[Round "01"]
[TimeControl "180+1"]
[Date "2022.06.22"]
[WhiteClock "0:01:14"]
[BlackClock "0:00:37"]

1. e4 Nf6 2. e5 Nd5 3. d4 d6 4. c4 Nb6 5. exd6 cxd6 6. Nc3 g6 7. Be3 Bg7 8. Rc1 O-O 9. b3 Nc6 10. d5 Ne5 11. Be2 Re8 12. f4 Ned7 13. Nf3 Nc5 14. Bd4 e5 15. dxe6 Bxe6 16. Bxg7 Kxg7 17. O-O Qf6 18. Qxd6 Rac8 19. Qd4 Bg4 20. Qxf6+ Kxf6 21. Ne5 Bxe2 22. Nxe2 Nd3 23. Nxd3 Rxe2 24. Rf2 Rce8 25. Kf1 R2e3 26. Re1 Rxe1+ 27. Nxe1 a5 28. Rd2 Re6 29. Nf3 a4 30. Kf2 axb3 31. axb3 h6 32. c5 Nc8 33. Rd7 b6 34. Ne5 Ne7 35. c6 g5 36. c7 gxf4 37. Rxe7 Rxe7 38. Ng4+ Kg5 39. c8=Q f5 40. Qg8+ Kh4 41. Nf6 1-0


[Site "https://www.chess.com"]

[Event "Titled Tuesday Blitz June 21 Early 2022"]
[White "Mahitosh, Dey"]
[Black "Alinasab, Mobina"]
[WhiteFideId "25091468"]
[BlackFideId "12528897"]
[WhiteElo "1624"]
[BlackElo "2031"]
[Result "0-1"]
[Round "01"]
[TimeControl "180+1"]
[Date "2022.06.22"]
[WhiteClock "0:00:13"]
[BlackClock "0:00:28"]

1. d4 Nf6 2. Nf3 e6 3. Bf4 b6 4. e3 Bb7 5. Nbd2 Be7 6. h3 c5 7. Bd3 d6 8. O-O Nbd7 9. c3 Qc7 10. e4 e5 11. Be3 O-O 12. d5 a6 13. a4 Ne8 14. Nh2 g6 15. Bh6 Ng7 16. Kh1 f5 17. f3 f4 18. Bxg7 Kxg7 19. b4 Nf6 20. Ng4 Nh5 21. Rf2 Ng3+ 22. Kg1 Bh4 23. bxc5 bxc5 24. Nc4 Bc8 25. Rb2 h5 26. Nh2 g5 27. Rab1 Ra7 28. Rb6 Rd8 29. Rc6 Qe7 30. Rbb6 Rad7 31. Rb8 Bb7 32. Rxd8 Qxd8 33. Rb6 Kf8 34. Qb1 Bc8 35. Rb8 Qc7 36. Nb6 Rd8 37. Nxc8 Rxc8 38. Rb7 Qa5 39. Qb2 c4 40. Bb1 Qc5+ 41. Qf2 Ne2+ 0-1


[Site "https://www.chess.com"]

[Event "Titled Tuesday Blitz June 21 Early 2022"]
[White "Maiorov, Nikita"]
[Black "So, Wesley"]
[WhiteFideId "13501720"]
[BlackFideId "5202213"]
[WhiteElo "2417"]
[BlackElo "2742"]
[Result "0-1"]
[Round "01"]
[TimeControl "180+1"]
[Date "2022.06.21"]
[WhiteClock "0:00:36"]
[BlackClock "0:01:16"]

1. d4 Nf6 2. c4 e6 3. Nf3 d5 4. Nc3 Bb4 5. Bg5 dxc4 6. e4 h6 7. Bxf6 Qxf6 8. Bxc4 c5 9. O-O O-O 10. e5 Qd8 11. Ne4 cxd4 12. Qe2 Be7 13. Rfd1 Qa5 14. a3 Rd8 15. g4 Nd7 16. Ng3 Nf8 17. h4 Bd7 18. g5 hxg5 19. Nxg5 Bxg5 20. hxg5 Ng6 21. Re1 Bc6 22. Nh5 d3 23. Bxd3 Rd4 24. Bxg6 fxg6 25. Ng3 Rf8 26. Rad1 Qd5 27. Qf1 Rf3 28. Rxd4 Rxg3+ 29. fxg3 Qh1+ 30. Kf2 Qf3+ 31. Kg1 Qxg3+ 0-1


[Site "https://www.chess.com"]

[Event "Titled Tuesday Blitz June 21 Early 2022"]
[White "Makarian, Rudik"]
[Black "Avazkhonov, Alikhon"]
[WhiteFideId "44105681"]
[BlackFideId "14208504"]
[WhiteElo "2398"]
[BlackElo "1739"]
[Result "1-0"]
[Round "01"]
[TimeControl "180+1"]
[Date "2022.06.22"]
[WhiteClock "0:00:29"]
[BlackClock "0:00:04"]

1. d3 e5 2. e4 Nf6 3. Nf3 Nc6 4. Be2 Bc5 5. O-O O-O 6. c3 d5 7. b4 Bb6 8. Qc2 dxe4 9. dxe4 Re8 10. a4 a6 11. Na3 Bg4 12. Nc4 Bxf3 13. Bxf3 Ba7 14. Bg5 h6 15. Bh4 Qe7 16. b5 Nd8 17. Rab1 Bc5 18. Bg3 Nd7 19. Bg4 Ne6 20. Nxe5 Nxe5 21. Bxe5 Ng5 22. Bg3 Qxe4 23. Qxe4 Rxe4 24. bxa6 bxa6 25. Bd7 Rd8 26. Bc6 Rc4 27. Bb7 Rxa4 28. Bxc7 Rd2 29. Bg3 Ne4 30. Bxe4 Rxe4 31. Ra1 Re6 32. Ra5 Bb6 33. Ra4 Rc6 34. c4 Rc2 35. h3 R2xc4 36. Raa1 a5 37. Kh2 a4 38. Rfd1 Bc7 39. Rd7 Bxg3+ 40. Kxg3 Rg6+ 41. Kh2 Ra6 42. Ra2 a3 43. Rd3 Rca4 44. g4 Kf8 45. Kg3 Ke7 46. Re2+ Re6 47. Ra2 Rea6 48. f3 Ke6 49. h4 g5 50. h5 f5 51. Rd8 fxg4 52. fxg4 Rf4 53. Rh8 Kf7 54. Rh7+ Kg8 55. Rb7 Raa4 56. Rb8+ Kf7 57. Rb7+ Ke8 58. Re2+ Rae4 59. Rxe4+ Rxe4 60. Ra7 Re3+ 61. Kf2 Rb3 62. Ra6 Rb2+ 63. Ke3 a2 64. Ke4 Kd8 65. Kf5 Kc8 66. Ra3 Kc7 67. Kg6 Rb6+ 68. Kh7 Rb4 69. Kxh6 Rxg4 70. Rxa2 Kd6 71. Kg6 Ke5 72. h6 Rg1 73. Rh2 g4 74. h7 g3 75. h8=Q+ Kf4 76. Qd4+ Kf3 77. Qxg1 gxh2 78. Qxh2 1-0


[Site "https://www.chess.com"]

[Event "Titled Tuesday Blitz June 21 Early 2022"]
[White "Maltsevskaya, Aleksandra"]
[Black "Leve, Nitai"]
[WhiteFideId "24174041"]
[BlackFideId "2006898"]
[WhiteElo "2243"]
[BlackElo "2144"]
[Result "0-1"]
[Round "01"]
[TimeControl "180+1"]
[Date "2022.06.22"]
[WhiteClock "0:00:11"]
[BlackClock "0:00:52"]

1. e4 e6 2. d4 d5 3. Nc3 Nf6 4. Bg5 Be7 5. e5 Nfd7 6. h4 a6 7. Qg4 Bxg5 8. hxg5 c5 9. O-O-O cxd4 10. g6 f5 11. Qxd4 Nc6 12. Qd2 Ndxe5 13. Rxh7 Nxg6 14. Rxh8+ Nxh8 15. f4 Qf6 16. Re1 Kf8 17. Nf3 Nf7 18. Bd3 Bd7 19. Qf2 Rc8 20. a3 Na5 21. Ne5 Nxe5 22. fxe5 Qg5+ 23. Kb1 Nc4 24. Bxc4 Rxc4 25. Rh1 d4 26. Ne4 Qe3 27. Rh8+ Kf7 28. Nd6+ Kg6 29. Qxe3 dxe3 30. Nxc4 f4 31. g3 e2 32. Rh1 f3 33. Ne3 f2 34. Ka2 e1=Q 0-1


[Site "https://www.chess.com"]

[Event "Titled Tuesday Blitz June 21 Early 2022"]
[White "Marn, Jan"]
[Black "Taichman, Ori"]
[WhiteFideId "14619245"]
[BlackFideId "2804069"]
[WhiteElo "2105"]
[BlackElo "2227"]
[Result "0-1"]
[Round "01"]
[TimeControl "180+1"]
[Date "2022.06.22"]
[WhiteClock "0:00:18"]
[BlackClock "0:00:41"]

1. d4 Nf6 2. c4 g6 3. Nc3 Bg7 4. e4 O-O 5. Nge2 d6 6. Ng3 e5 7. d5 Na6 8. h4 Nc5 9. h5 a5 10. Be2 c6 11. h6 Bh8 12. Be3 cxd5 13. cxd5 Bd7 14. O-O Ne8 15. Bg4 f5 16. exf5 gxf5 17. Bxf5 Qh4 18. Bxd7 Nxd7 19. Nce4 Bf6 20. Rc1 Be7 21. Qe2 Kh8 22. Qb5 Ndf6 23. Nxf6 Nxf6 24. Qxb7 Ng4 25. Rfe1 Qh2+ 26. Kf1 Qxg3 27. Qxe7 Rxf2+ 0-1


[Site "https://www.chess.com"]

[Event "Titled Tuesday Blitz June 21 Early 2022"]
[White "Matyukov, Petr"]
[Black "Mindlin, Alon"]
[WhiteFideId "4103688"]
[BlackFideId "2800071"]
[WhiteElo "2278"]
[BlackElo "2390"]
[Result "0-1"]
[Round "01"]
[TimeControl "180+1"]
[Date "2022.06.22"]
[WhiteClock "0:01:20"]
[BlackClock "0:01:10"]

1. c4 Nf6 2. g3 e5 3. Bg2 Nc6 4. Nc3 Bb4 5. Nd5 Bc5 6. e3 O-O 7. Ne2 Re8 8. a3 a5 9. O-O Ba7 10. b3 d6 11. Bb2 Nxd5 12. Bxd5 Ne7 13. Bg2 Ng6 14. d4 Qe7 15. h4 Bg4 16. f3 exd4 17. Bxd4 Bxd4 18. Qxd4 Qxe3+ 19. Qxe3 Rxe3 20. fxg4 Rxe2 21. Bxb7 Rb8 22. Bd5 Ne5 23. Rab1 c6 24. Bf3 Re3 25. Kg2 Rexb3 26. Rxb3 Rxb3 27. Be4 Nxc4 28. Rc1 d5 29. Bc2 Rxa3 30. Re1 g6 31. h5 Ne3+ 32. Kh3 Nxc2 33. Re7 gxh5 34. gxh5 d4 35. h6 Kf8 36. Ra7 d3 37. Ra8+ Ke7 38. Ra7+ Ke6 39. Ra8 d2 40. Rd8 Ne3 41. Rxd2 Nf5 42. Re2+ Kf6 43. Rg2 Rxg3+ 44. Rxg3 Nxg3 45. Kxg3 a4 46. Kf4 a3 0-1


[Site "https://www.chess.com"]

[Event "Titled Tuesday Blitz June 21 Early 2022"]
[White "Melikhov, Evgeny V."]
[Black "Rohith Krishna S"]
[WhiteFideId "4122046"]
[BlackFideId "46617051"]
[WhiteElo "1904"]
[BlackElo "2117"]
[Result "0-1"]
[Round "01"]
[TimeControl "180+1"]
[Date "2022.06.22"]
[WhiteClock "0:00:01"]
[BlackClock "0:00:53"]

1. d4 Nf6 2. c4 e6 3. Nc3 d5 4. cxd5 exd5 5. Bg5 Nbd7 6. e3 c6 7. Bd3 Be7 8. Qc2 O-O 9. Nf3 Re8 10. O-O h6 11. Bh4 Ne4 12. Bxe4 dxe4 13. Qxe4 Nf6 14. Qc2 Be6 15. a3 Qa5 16. h3 Qh5 17. Bxf6 Bxf6 18. Ne4 Bxh3 19. Nxf6+ gxf6 20. Ne1 Kh8 21. Qd1 Bg4 22. f3 Be6 23. f4 Bg4 24. Qd2 Re6 25. Nf3 Rae8 26. Rae1 Qb5 27. Kf2 h5 28. Rh1 Kg8 29. Nh2 Bf5 30. Nf3 Bg6 31. Nh4 Be4 32. Nf3 a5 33. Rh4 Bg6 34. g4 hxg4 35. Rxg4 Kf8 36. Kg3 Qb3 37. Kf2 b6 38. Nh4 Be4 39. Nf3 c5 40. Rh4 Ke7 0-1


[Site "https://www.chess.com"]

[Event "Titled Tuesday Blitz June 21 Early 2022"]
[White "Mirzoev, Azer"]
[Black "Krishnakumar, Sriram"]
[WhiteFideId "13400304"]
[BlackFideId "30915856"]
[WhiteElo "2525"]
[BlackElo "2378"]
[Result "1-0"]
[Round "01"]
[TimeControl "180+1"]
[Date "2022.06.22"]
[WhiteClock "0:00:18"]
[BlackClock "0:00:29"]

1. c4 c6 2. e4 d5 3. exd5 cxd5 4. cxd5 Qxd5 5. Nc3 Qd8 6. d4 Nf6 7. Nf3 e6 8. Bd3 Bd6 9. O-O Nc6 10. Re1 O-O 11. Bg5 h6 12. Bh4 Be7 13. a3 Nd5 14. Bg3 Bf6 15. Be4 Nb6 16. Be5 Bxe5 17. dxe5 Qxd1 18. Raxd1 Nc4 19. Bxc6 bxc6 20. Na4 c5 21. Rc1 Nb6 22. Nxc5 Rd8 23. b4 a5 24. b5 Bd7 25. a4 Rac8 26. Nxd7 Rxd7 27. Rxc8+ Nxc8 28. h4 Nb6 29. Re4 Rd1+ 30. Kh2 Nd5 31. h5 Kf8 32. Rc4 Nb6 33. Rc6 Nxa4 34. Rc8+ Ke7 35. Ra8 Rd5 36. Rxa5 Nb6 37. g4 Nc4 38. Ra7+ Ke8 39. Rc7 Nb6 40. Rb7 Rxb5 41. Nd4 Rb2 42. Kg3 Nc4 43. Rxb2 Nxb2 44. f4 Nc4 45. Kf3 Nb6 46. Ke4 Nd5 47. f5 Ke7 48. fxe6 fxe6 49. Ne2 Nb6 50. Kd4 Nd7 51. Nf4 Kf7 52. Ng6 Ke8 53. Nh4 Kf7 54. Nf3 Ke8 55. Kc4 Kf7 56. Kb5 Ke8 57. Kc6 Ke7 58. Kc7 Nc5 59. Nh4 Nd3 60. Ng6+ Kf7 61. Kd6 Nf2 62. Nf4 Nxg4 63. Nxe6 Ne3 64. Nf4 Nf5+ 65. Kd7 Ne7 66. e6+ Kf6 67. Kd6 Nf5+ 68. Kd7 Ne7 69. Ne2 Nf5 70. Nc3 Ne7 71. Ne4+ Ke5 72. Kxe7 Kxe4 73. Kf7 Kf5 74. e7 Kg5 75. e8=Q Kxh5 76. Kxg7+ Kg4 77. Qg6+ Kf3 78. Qxh6 Ke2 79. Qg5 1-0


[Site "https://www.chess.com"]